 Dungeon Crawl Stone Soup version 0.31.0-10-gcf4a605ca0 (webtiles) character file.

Game seed: 15831946481520504361

48651 sanka the Warrior (level 14, -9/135 HPs)
             Began as a Minotaur Fighter on Jan 25, 2024.
             Was a Believer of the Shining One.
             Mangled by an iron troll (24 damage)
             ... on level 15 of the Dungeon.
             The game lasted 00:34:20 (16248 turns).

sanka the Warrior (Minotaur Fighter)               Turns: 16248, Time: 00:34:21

Health: -9/135     AC: 39    Str: 21    XL:     14   Next: 13%
Magic:  17/19      EV: 10    Int:  5    God:    the Shining One [**....]
Gold:   2512       SH: 23    Dex: 15    Spells: 13/13 levels left

rFire   . . .        a - +1 morningstar (protect)
rCold   . . .        s - +0 kite shield
rNeg    + . .        A - +2 shadow dragon scales
rPois   .            (helmet restricted)
rElec   .            u - +2 cloak
rCorr   .            G - +0 pair of gloves
SInv    .            x - +1 pair of boots {Fly}
Will    +....        (no amulet)
Stlth   +            n - +4 ring of protection
HPRegen 0.42/turn    E - +4 ring of slaying
MPRegen 0.16/turn

%: no passive effects
@: divinely shielded, under a protective aura, flying, glowing
A: horns 2, retaliatory headbutt
a: Renounce Religion, Divine Shield


You were on level 15 of the Dungeon.
You worshipped the Shining One.
The Shining One was pleased with you.
You visited 3 branches of the dungeon, and saw 17 of its levels.
You also visited: Trove and Bailey.

You collected 2512 gold pieces.


Innate Abilities, Weirdness & Mutations

You have a pair of horns on your head.
You reflexively headbutt those who attack you in melee.


   Skills:
 - Level 15.0 Fighting
 - Level 12.0 Maces & Flails
 - Level 15.0 Armour
 + Level 4.7 Dodging
 - Level 15.0 Shields
 - Level 8.0 Invocations


You had 13 spell levels left.
You didn't know any spells.
Your spell library contained the following spells:

 Spells                   Type           Power      Damage    Failure   Level
 Apportation              Tloc           0%         N/A       99%         1
 Necrotise                Necr           0%         1d4       99%         1
 Sting                    Conj/Alch      0%         1d3       99%         1
 Summon Small Mammal      Summ           0%         N/A       99%         1
 Blink                    Tloc           0%         N/A       99%         2
 Cigotuvi's Dreadful Rot  Necr/Alch/Air  0%         N/A       99%         2
 Ensorcelled Hibernation  Hex/Ice        0%         N/A       99%         2
 Lesser Beckoning         Tloc           0%         N/A       99%         2
 Momentum Strike          Conj/Tloc      0%         3d8       99%         2
 Call Canine Familiar     Summ           0%         N/A       100%        3
 Frozen Ramparts          Ice            0%         1d1       100%        3
 Fugue of the Fallen      Necr           0%         N/A       100%        3
 Gell's Gravitas          Tloc           0%         N/A       100%        3
 Ozocubu's Armour         Ice            0%         N/A       100%        3
 Sigil of Binding         Hex            0%         N/A       100%        3
 Teleport Other           Tloc           0%         N/A       100%        3
 Tukima's Dance           Hex            0%         N/A       100%        3
 Anguish                  Hex/Necr       0%         N/A       100%        4
 Dimensional Bullseye     Hex/Tloc       0%         N/A       100%        4
 Ignite Poison            Fire/Alch      0%         N/A       100%        4
 Iskenderun's Mystic Bla  Conj/Tloc      0%         2d3       100%        4
 Leda's Liquefaction      Alch/Erth      0%         N/A       100%        4
 Manifold Assault         Tloc           0%         N/A       100%        4
 Passage of Golubria      Tloc           0%         N/A       100%        4
 Petrify                  Alch/Erth      0%         N/A       100%        4
 Freezing Cloud           Conj/Ice/Air   0%         6-21      100%        5
 Iskenderun's Battlesphe  Conj           0%         2d6       100%        5
 Metabolic Englaciation   Hex/Ice        0%         N/A       100%        5
 Silence                  Hex/Air        0%         N/A       100%        5
 Bombard                  Conj/Erth      0%         9d1       100%        6
 Dispersal                Tloc           0%         N/A       100%        6
 Spellforged Servitor     Conj/Summ      0%         N/A       100%        7
 Disjunction              Tloc           0%         N/A       100%        8
 Lehudib's Crystal Spear  Conj/Erth      0%         10d2      100%        8

Inventory:

Hand Weapons
 a - a +1 morningstar of protection (weapon)
 b - a +5 antimagic flail
 p - a +4 orcbow of electrocution
 w - a +2 antimagic hand cannon
Missiles
 C - 4 throwing nets {=f}
 N - a curare-tipped dart {=f}
Armour
 e - the +0 cloak "Repoop" {rElec} rElec: It insulates you from electricity.
 i - +0 ice dragon scales
 s - a +0 kite shield (worn)
 u - a +2 cloak (worn)
 x - a +1 pair of boots of flying (worn)
 A - +2 shadow dragon scales (worn)
 G - a +0 pair of gloves (worn)
Jewellery
 n - a +4 ring of protection (left hand)
 r - a +6 ring of strength
 z - a +6 ring of strength
 E - a +4 ring of slaying (right hand)
 J - a ring of poison resistance
 W - a ring of resist corrosion
Wands
 c - a wand of mindburst (6)
 o - a wand of flame (63)
 O - a wand of light (7)
 Q - a wand of charming (9)
 R - a wand of iceblast (6)
 U - a wand of polymorph (2)
Scrolls
 f - 4 scrolls of enchant weapon
 g - 2 scrolls of poison {!r}
 h - 2 scrolls of immolation {!r}
 k - 4 scrolls of enchant armour
 l - 2 scrolls of fog
 q - 2 scrolls of teleportation {@r4}
 t - a scroll of revelation {unknown}
 y - a scroll of vulnerability {!r}
 D - a scroll of blinking
 I - 2 scrolls of noise {!r}
 K - a scroll of acquirement
 M - 3 scrolls of fear
Potions
 d - 4 potions of degeneration {unknown}
 j - 7 potions of curing {@q1}
 m - a potion of ambrosia
 v - 4 potions of might
 B - 4 potions of brilliance {unknown}
 F - 2 potions of mutation {unknown}
 H - 2 potions of attraction {unknown}
 L - a potion of lignification {unknown}
 P - 4 potions of heal wounds {unknown}
 S - 3 potions of invisibility {unknown}
 T - 2 potions of haste {unknown}
 V - a potion of cancellation {unknown}

Dungeon Overview and Level Annotations

Branches:
Dungeon (15/15)            Temple (1/1) D:7            Lair (0/5) D:10
    Orc (0/2) D:9          Vaults (0/5) D:13         Depths (1/4) D:15
 Bailey (visited)

Altars:
Ashenzari
Cheibriados
Dithmenos
Elyvilon
Fedhas
Gozag
Hepliaklqana
Kikubaaqudgha
Makhleb
Nemelex Xobeh
Okawaru
Qazlal
Ru
Sif Muna
Trog
Uskayaw
Vehumet
Wu Jian
Xom
Yredelemnul
Zin
The Shining One

Shops:
D:5 !   D:15 *

Annotations:
D:9 exclusion: downstairs
D:10 exclusion: downstairs
D:13 exclusion: downstairs

...▒...▒▒▒▒▒▒▒▒▒.▒▒▒▒.▒
▒▒......▒ ▒▒...▒▒▒.▒
(▒.▒▒.▒.▒ ▒..▒..▒▒.▒
)'.▒▒.▒.▒ ▒(.▒..▒▒.▒
.▒.▒▒.▒.▒ ▒..▒..▒▒.▒
▒▒....▒<▒ ▒.[▒..▒▒.▒
...▒..▒.▒▒ ▒..▒..▒▒.▒
▒▒▒▒.....▒ ▒▒TTT▒▒▒.▒
▒▒.▒..▒ ▒▒H▒▒▒▒.▒
▒▒▒▒▒▒▒..▒ ▒▒▒....▒
...▒▒ ▒..▒ ▒.▒▒▒▒
....▒▒▒..▒ ▒.▒
.<...†...▒ ▒.▒
....▒▒▒▒<▒ ▒.▒ ...▒▒
▒.▒ ▒.▒ ▒.▒▒ ▒.▒ ▒▒▒.▒
▒.▒▒▒▒▒▒.▒ ▒...▒


You could see an iron troll (fast, strong), a deep troll earth mage and a deep
troll shaman.


Message History

The deep troll shaman bites you but does no damage.
The deep troll shaman claws you but does no damage.
The deep troll shaman claws you but does no damage.
The iron troll bites you but does no damage.
The iron troll claws you but does no damage.
The iron troll claws you.
* * * LOW HITPOINT WARNING * * *
You puncture the iron troll!
You headbutt the iron troll, but do no damage.
The iron troll is almost dead.
You block the deep troll earth mage's attack.
You block the deep troll earth mage's attack.
The deep troll earth mage claws you but does no damage.
You block the deep troll shaman's attack.
The deep troll shaman completely misses you.
The deep troll shaman claws you but does no damage.
The iron troll bites you!!!
* * * LOW HITPOINT WARNING * * *
The iron troll claws you but does no damage.
The iron troll closely misses you.
You hit the iron troll.
The iron troll is almost dead.
You block the deep troll earth mage's attack.
You block the deep troll earth mage's attack.
The deep troll earth mage claws you but does no damage.
You block the deep troll shaman's attack.
The deep troll shaman barely misses you.
The deep troll shaman claws you but does no damage.
The iron troll bites you!!
You die...

Action                     |  1- 3 |  4- 6 |  7- 9 | 10-12 | 13-15 || total
---------------------------+-------+-------+-------+-------+-------++-------
  Melee: Flail             |    38 |   179 |   285 |       |       ||   502
         Headbutt          |     9 |    23 |    70 |   180 |   127 ||   409
         Morningstar       |       |       |    87 |   579 |   315 ||   981
 Invoke: Divine Shield     |       |       |       |       |     3 ||     3
    Use: Potion            |       |       |     2 |       |       ||     2
         Scroll            |       |       |       |     9 |     3 ||    12
 Armour: Scale mail        |    13 |   120 |   209 |       |       ||   342
         Plate armour      |       |       |    94 |    29 |       ||   123
         Shadow dragon sca |       |       |       |   429 |   468 ||   897
         Ice dragon scales |       |       |       |    17 |     3 ||    20
  Dodge: Dodged            |    12 |    74 |   135 |   202 |   110 ||   533
  Block: Buckler           |     4 |    40 |    69 |   114 |       ||   227
         Kite shield       |       |       |       |     8 |   320 ||   328

Levels and vault maps discovered:
D:1:      roderic_crop_circles_arrival_small, layout_rooms, serial_rivers,
          chequers_serial_rivers_micro_c, chequers_serial_rivers_room_b,
          chequers_serial_rivers_small_b, chequers_serial_rivers_room_a
D:2:      kennysheep_the_goblin_king, layout_loops_cross, basic_altar,
          uniq_robin, uniq_terence
D:3:      layout_rooms, jmf_multi_god_temple2, uniq_sigmund
D:4:      layout_gridville, vehumet_altar_wand_db, mainiacjoe_overflow_swirl,
          ebering_ghost_sewer_d, grunt_decor_fettered
D:5:      layout_gridville, serial_shops, nicolae_shop_advertising_works
          [nicolae_subvault_shop_adworks]
D:6:      layout_rooms, serial_undead, serial_undead_a, serial_undead_c,
          serial_undead_c, serial_undead_e, serial_undead_a, serial_undead_b,
          serial_undead_a, serial_undead_f, serial_undead_b, serial_undead_d,
          minmay_misc_feat_five, kennysheep_nub, st_stairs_3
D:7:      layout_rooms, grunt_temple_overflow_holy_war, old_standard_altar,
          minmay_temple_entry_ruins
D:8:      layout_rooms, zin_treasury, enter_bailey_2, uniq_gastronok,
          uniq_prince_ribbit1, uniq_joseph
D:9:      layout_cave_pools, david_orc_2, serial_rivers,
          chequers_serial_rivers_micro_b, chequers_serial_rivers_micro_d,
          chequers_serial_rivers_marsh, chequers_serial_rivers_micro_c,
          chequers_serial_rivers_room_b, onia_ninara_cookie, uniq_harold,
          uniq_erica
D:10:     layout_cross, mainiacjoe_overflow_catwalk, due_lair_maze_entry_diamond
D:11:     minmay_general_purpose_star, layout_loops_cross, minivault_16
D:12:     layout_basic, trove_entry_hex_spiral, fountainhead,
          wad_floor_pattern_untrapped
D:13:     layout_roguey, hangedman_vaults_entry_quadrant_bands,
          ebering_dispersal_statue_hall
D:14:     layout_loops_ring, minmay_between
D:15:     grunt_enter_depths_hoard, layout_loops_ring, minmay_misc_feat_encased,
          guppyfry_shop_earth
Temple:   minmay_temple_forest_path
Depths:1: layout_small_grid, enter_ziggurat_a, grunt_pan_entry_sceptre,
          hell_entry, abyss_entry, eat_drink_and_be_merry_uskayaw,
          serial_bayou_shore_b, grunt_megastairs_2, serial_bayou_shore_b,
          serial_bayou_shore_b

Notes
Turn   | Place    | Note
-------+----------+-------------------------------------------
     0 | D:1      | sanka the Minotaur Fighter began the quest for the Orb.
     0 | D:1      | Reached XP level 1. HP: 19/19 MP: 0/0
   211 | D:1      | Reached skill level 4 in Fighting
   211 | D:1      | Reached skill level 3 in Maces & Flails
   211 | D:1      | Reached XP level 2. HP: 27/27 MP: 1/1
   555 | D:2      | Reached skill level 4 in Maces & Flails
   570 | D:2      | Reached XP level 3. HP: 24/33 MP: 2/2
   626 | D:2      | Noticed Terence
   633 | D:2      | Killed Terence
   636 | D:2      | Reached skill level 5 in Maces & Flails
   636 | D:2      | Reached XP level 4. HP: 40/40 MP: 3/3
   671 | D:2      | Noticed Robin
   685 | D:2      | Killed Robin
   733 | D:3      | Noticed Sigmund
   861 | D:3      | Killed Sigmund
   862 | D:3      | Reached skill level 7 in Maces & Flails
   862 | D:3      | Reached XP level 5. HP: 44/46 MP: 4/4
   862 | D:3      | Reached XP level 6. HP: 50/52 MP: 5/5
  1173 | D:2      | Found a glowing silver altar of Zin.
  1840 | D:3      | Found a hide-covered altar of Uskayaw.
  1854 | D:3      | Found a snail-covered altar of Cheibriados.
  1893 | D:4      | Reached skill level 8 in Maces & Flails
  2195 | D:4      | Found a sparkling altar of Nemelex Xobeh.
  2319 | D:4      | Reached skill level 9 in Maces & Flails
  2331 | D:4      | Found a radiant altar of Vehumet.
  2425 | D:4      | Reached XP level 7. HP: 59/59 MP: 6/6
  2460 | D:4      | Found a runed translucent door.
  2470 | D:4      | Noticed bock's ghost (amateur AtFi)
  2794 | D:4      | Reached skill level 10 in Maces & Flails
  3004 | D:4      | Found a white marble altar of Elyvilon.
  3164 | D:5      | Entered Level 5 of the Dungeon
  3462 | D:5      | Found Duul's Distillery.
  3716 | D:5      | Identified the +9 dagger "Embalmer" {flame, Dex+4}
  3869 | D:5      | Reached skill level 11 in Maces & Flails
  3963 | D:5      | Reached XP level 8. HP: 48/66 MP: 7/7
  4373 | D:6      | Reached skill level 12 in Maces & Flails
  4378 | D:6      | HP: 5/63 [poisoned by a wight]
  4379 | D:6      | Reached skill level 4 in Armour
  4380 | D:6      | HP: 1/66 [poisoned by a wight]
  4612 | D:6      | Reached skill level 5 in Fighting
  4715 | D:6      | Reached skill level 5 in Armour
  4732 | D:6      | Reached skill level 6 in Fighting
  4766 | D:5      | Reached skill level 6 in Armour
  4846 | D:5      | Reached XP level 9. HP: 61/78 MP: 8/8
  4907 | D:6      | Reached skill level 7 in Fighting
  4914 | D:6      | Reached skill level 7 in Armour
  5333 | D:7      | Reached skill level 8 in Fighting
  5340 | D:7      | Reached skill level 8 in Armour
  5383 | D:7      | Found a broken altar of Ashenzari.
  5582 | D:7      | Reached skill level 9 in Fighting
  5590 | D:7      | Reached skill level 9 in Armour
  5746 | D:7      | Found a staircase to the Ecumenical Temple.
  5753 | Temple   | Entered the Ecumenical Temple
  6010 | D:7      | Found a basalt altar of Yredelemnul.
  6014 | D:7      | Found a glowing golden altar of the Shining One.
  6016 | D:7      | Noticed an angel
  6021 | D:7      | Became a worshipper of the Shining One
  6075 | D:7      | Noticed a profane servitor
  6209 | D:8      | Found a flagged portal.
  6226 | Bailey   | Entered a bailey
  6322 | Bailey   | Noticed an orc knight
  6342 | Bailey   | Killed an orc knight
  6343 | Bailey   | Reached XP level 10. HP: 81/93 MP: 9/9
  6344 | Bailey   | Reached skill level 10 in Fighting
  6372 | Bailey   | Reached skill level 10 in Armour
  6386 | Bailey   | Identified +2 shadow dragon scales
  6792 | D:8      | Noticed Gastronok
  6817 | D:8      | Killed Gastronok
  6818 | D:8      | Reached skill level 11 in Fighting
  6818 | D:8      | Reached skill level 11 in Armour
  6941 | D:8      | Found a glowing silver altar of Zin.
  7215 | D:8      | Noticed Prince Ribbit
  7225 | D:8      | Reached skill level 12 in Fighting
  7248 | D:8      | Killed Prince Ribbit
  7249 | D:8      | Reached skill level 12 in Armour
  7359 | D:8      | Noticed Joseph
  7378 | D:8      | Killed Joseph
  7379 | D:8      | Reached skill level 1 in Invocations
  7379 | D:8      | Reached XP level 11. HP: 96/104 MP: 10/10
  7518 | D:9      | Noticed Harold
  7528 | D:9      | Killed Harold
  7529 | D:9      | Reached skill level 2 in Invocations
  7702 | D:9      | Reached * piety under the Shining One
  7745 | D:9      | Reached skill level 3 in Invocations
  7824 | D:9      | Noticed Erica
  7839 | D:9      | Killed Erica
  7943 | D:9      | Found a staircase to the Orcish Mines.
  8000 | D:9      | Reached skill level 13 in Fighting
  8091 | D:9      | Identified +0 acid dragon scales
  8092 | D:9      | Reached skill level 4 in Invocations
  8141 | D:9      | Noticed a two-headed ogre
  8151 | D:9      | Killed a two-headed ogre
  8152 | D:9      | Reached skill level 5 in Invocations
  8168 | D:9      | Reached skill level 6 in Invocations
  8256 | D:9      | Reached skill level 7 in Invocations
  8683 | D:4      | Killed bock's ghost
  8684 | D:4      | Reached skill level 8 in Invocations
  8790 | D:10     | Entered Level 10 of the Dungeon
  8829 | D:10     | Found a sacrificial altar of Ru.
  9057 | D:10     | Identified +0 ice dragon scales
  9082 | D:10     | Reached ** piety under the Shining One
  9090 | D:10     | Reached XP level 12. HP: 106/115 MP: 17/17
  9127 | D:10     | Identified +0 steam dragon scales
  9192 | D:10     | Found a staircase to the Lair.
  9553 | D:11     | Reached skill level 13 in Armour
  9565 | D:11     | Reached skill level 14 in Fighting
 10366 | D:11     | Reached *** piety under the Shining One
 10432 | D:12     | Noticed a two-headed ogre
 10456 | D:12     | Reached skill level 14 in Armour
 10464 | D:12     | Killed a two-headed ogre
 10465 | D:12     | Reached skill level 15 in Fighting
 10708 | D:12     | Reached skill level 15 in Armour
 10726 | D:12     | Reached skill level 4 in Shields
 10739 | D:12     | Noticed a boulder beetle
 10750 | D:12     | Killed a boulder beetle
 10751 | D:12     | Reached skill level 5 in Shields
 10899 | D:12     | Noticed a two-headed ogre
 10904 | D:12     | Killed a two-headed ogre
 11017 | D:12     | Found a portal to a secret trove of treasure.
 11172 | Trove    | Entered a treasure trove
 11196 | Trove    | Identified the +0 cloak "Repoop" {rElec}
 11528 | D:13     | Reached skill level 6 in Shields
 11726 | D:13     | Reached skill level 7 in Shields
 11883 | D:13     | Reached XP level 13. HP: 115/126 MP: 18/18
 12008 | D:13     | Reached skill level 8 in Shields
 12069 | D:13     | Reached skill level 9 in Shields
 12343 | D:13     | Reached skill level 10 in Shields
 12872 | D:13     | Identified the +4 halberd of the Wraith {vamp, rPois rCorr
                  | SInv}
 12884 | D:13     | Found a gate to the Vaults.
 13077 | D:14     | Identified the +0 longbow of Zin's Generosity {flame, Str+7
                  | Int-3 Dex+3}
 13098 | D:14     | Reached skill level 11 in Shields
 13682 | D:14     | Reached skill level 12 in Shields
 13727 | D:14     | Noticed a fire dragon
 14072 | D:14     | Killed a fire dragon
 14480 | D:15     | Entered Level 15 of the Dungeon
 14537 | D:15     | Identified a scroll of acquirement
 14639 | D:15     | Reached skill level 13 in Shields
 14790 | D:15     | Reached skill level 14 in Shields
 14810 | D:15     | Found Poch's Pet Rocks.
 15081 | D:15     | Noticed a fire dragon
 15110 | D:15     | Killed a fire dragon
 15289 | D:15     | Identified +0 ice dragon scales
 15299 | D:15     | Found a staircase to the Depths.
 15536 | Depths:1 | Entered Level 1 of the Depths
 15540 | Depths:1 | Found a hide-covered altar of Uskayaw.
 15795 | Depths:1 | Noticed a jiangshi
 15825 | Depths:1 | Killed a jiangshi
 15826 | Depths:1 | Reached skill level 15 in Shields
 15872 | Depths:1 | Noticed a jiangshi
 15888 | Depths:1 | Killed a jiangshi
 15889 | Depths:1 | Reached skill level 1 in Dodging
 15889 | Depths:1 | Reached XP level 14. HP: 125/135 MP: 19/19
 15895 | D:15     | Reached skill level 2 in Dodging
 15913 | Depths:1 | Noticed a frost giant
 15930 | D:15     | Reached skill level 3 in Dodging
 15959 | D:15     | Killed a frost giant
 15960 | D:15     | Reached skill level 4 in Dodging
 16248 | D:15     | Mangled by an iron troll

Vanquished Creatures
  Gastronok (D:8)
  A frost giant (D:15)
  2 jiangshi (Depths:1)
  2 fire dragons
  An ice dragon (D:15)
  Harold (D:9)
  2 hydras
  3 centaur warriors
  A boulder beetle (D:12)
  Erica (D:9)
  3 two-headed ogres
  3 tengu warriors
  An occultist (Depths:1)
  A vampire mage (Depths:1)
  A skeletal warrior (D:13)
  A deep elf knight (D:13)
  An iron troll (D:15)
  A flayed ghost (D:15)
  A deep troll (D:15)
  2 orc knights
  A deep elf zephyrmancer (D:13)
  8 ugly things
  2 deep elf pyromancers (D:13)
  5 cyclopes
  Joseph (D:8)
  3 manticores
  An ice statue (D:11)
  4 centaur skeletons (D:13)
  3 gargoyles
  2 unseen horrors
  A freezing wraith (D:14)
  A kobold demonologist (D:9)
  4 komodo dragons
  An efreet (D:14)
  A tengu conjurer (D:14)
  A merfolk (shapeshifter) (Depths:1)
  6 trolls
  Prince Ribbit (D:8)
  3 glass eyes
  17 slime creatures
  Sigmund (D:3)
  A shadow (D:9)
  A water elemental (D:12)
  A centaur simulacrum (D:14)
  A wyvern (D:11)
  3 vampires
  A wraith (D:10)
  18 yaks
  The ghost of bock the Covered, an amateur AtFi (D:4)
  3 steam dragons
  11 vampire mosquitoes
  3 water moccasins
  2 acid dragons
  12 orc warriors
  2 sky beasts (D:7)
  4 boggarts (D:14)
  An ogre (D:7)
  A black bear (D:10)
  14 centaurs
  3 phantoms (D:6)
  4 kobold brigands
  7 bullfrogs
  5 gnoll sergeants
  2 scorpions
  13 wights
  8 killer bees
  A howler monkey (D:9)
  A centaur zombie (D:6)
  A bullfrog zombie (D:6)
  5 hounds
  4 bombardier beetles
  6 orc priests
  A gnoll bouda (D:4)
  2 jellies
  2 sleepcaps (D:6)
  Terence (D:2)
  4 iguanas
  11 orc wizards
  Robin (D:2)
  30 gnolls
  3 howler monkey zombies (D:6)
  13 adders
  3 howler monkey skeletons (D:6)
  3 white imps
  2 ufetubi (D:5)
  4 dart slugs
  2 ribbon worms
  49 orcs
  4 endoplasms
  3 giant cockroaches
  18 goblins
  10 hobgoblins
  3 jackals (D:2)
  4 quokkas
  7 ball pythons
  3 bats
  5 frilled lizards
  17 kobolds
  2 rats
444 creatures vanquished.

Vanquished Creatures (others)
  A scorpion (D:5)
  2 orcs (D:6)
3 creatures vanquished.

Grand Total: 447 creatures vanquished
